 Dungeon Crawl Stone Soup version 0.29-a0-284-gf9362112df (webtiles) character file.

Game seed: 2673754043335728997

1321 pokeman the Thaumaturge (level 8, -3/40 (44) HPs)
             Began as a Deep Elf Hedge Wizard on Mar 26, 2022.
             Slain by a wight
             ... wielding a +1 halberd of freezing
              (4 damage)
             ... on level 6 of the Dungeon.
             The game lasted 00:11:35 (5802 turns).

pokeman the Thaumaturge (Deep Elf Hedge Wizard)     Turns: 5802, Time: 00:11:36

HP:   -3/40 (44)    AC: 12    Str:  7    XL:     8   Next: 33%
MP:   5/23          EV: 12    Int: 22    God:
Gold: 52            SH:  0    Dex: 14    Spells: 15/26 levels left

rFire   . . .      SeeInvis +   n - +2 dagger (venom)
rCold   . . .      Faith    .   (no shield)
rNeg    . . .      Spirit   .   i - +0 leather armour
rPois   .          Reflect  .   j - +0 helmet
rElec   .          Harm     .   (no cloak)
rCorr   .          Rampage  .   y - +0 pair of gloves
Will    .....                   k - +2 pair of boots
Stlth   ++........              (no amulet)
HPRegen 0.13/turn               x - +4 ring of protection
MPRegen 0.18/turn               A - ring of see invisible

@: on blink cooldown, very slightly contaminated, drained
A: no striking features
a: no special abilities


You were on level 6 of the Dungeon.
You visited 1 branch of the dungeon, and saw 6 of its levels.

You collected 142 gold pieces.
You spent 90 gold pieces at shops.

Inventory:

Hand Weapons
 n - a +2 dagger of venom (weapon)
 p - a +0 shortbow
Missiles
 b - 6 curare-tipped darts
Armour
 i - a +0 leather armour (worn)
 j - a +0 helmet (worn)
 k - a +2 pair of boots (worn)
 y - a +0 pair of gloves (worn)
Magical Staves
 t - a staff of earth
Jewellery
 r - an amulet of faith
 x - a +4 ring of protection (left hand)
 A - a ring of see invisible (right hand)
Scrolls
 c - 2 scrolls of teleportation {unknown}
 g - a scroll of amnesia {unknown}
 h - a scroll of noise {unknown}
 l - a scroll of acquirement {unknown}
 q - a scroll of magic mapping
 u - 4 scrolls of immolation {unknown}
 v - a scroll of fog {unknown}
Potions
 a - 4 potions of curing
 d - a potion of magic
 e - a potion of haste
 f - a potion of berserk rage
 m - a potion of ambrosia
 o - a potion of heal wounds {unknown}
 s - a potion of flight
 w - a potion of attraction {unknown}
 z - a potion of lignification {unknown}


   Skills:
 - Level 2.0 Fighting
 + Level 1.3 Armour
 - Level 3.3 Dodging
 - Level 3.1 Stealth
 - Level 1.2 Shields
 * Level 9.5 Spellcasting
 + Level 4.9 Conjurations
 - Level 1.1 Summonings
 - Level 1.1 Translocations
 + Level 3.0 Fire Magic
 - Level 1.4 Air Magic
 - Level 1.0 Earth Magic
 - Level 1.3 Poison Magic
 - Level 1.0 Evocations


You had 15 spell levels left.
You knew the following spells:

 Your Spells              Type           Power      Damage    Failure   Level
a - Magic Dart            Conj           100%       1d8       1%          1
b - Mephitic Cloud        Conj/Pois/Air  21%        N/A       10%         3
c - Call Imp              Summ           15%        N/A       9%          2
d - Blink                 Tloc           30%        N/A       9%          2
e - Conjure Flame         Conj/Fire      28%        6-21      5%          3

Your spell library contained the following spells:

 Spells                   Type           Power      Damage    Failure   Level
 Poisonous Vapours        Pois/Air       32%        N/A       8%          2
 Pain                     Necr           40%        1d6       10%         1
 Slow                     Hex            40%        N/A       10%         1
 Corpse Rot               Necr/Air       26%        N/A       11%         2
 Agony                    Necr           10%        N/A       95%         5
 Excruciating Wounds      Necr           5%         N/A       95%         5


Dungeon Overview and Level Annotations

Branches:
Dungeon (6/15)
 Temple: D:4-7

Altars:
Kikubaaqudgha
Qazlal
Ru

Shops:
D:4 ?   D:5 :(=


Message History

The hound barely misses the iguana.
An orc comes into view. It is wielding a +0 hand axe.
The gnoll hits the orc but does no damage.
The wight attacks as you move away!
The wight hits you with a +0 morningstar!
The hound closely misses the iguana.
The orc hits you but does no damage.
The gnoll hits the wight but does no damage.
The gnoll hits itself with a +0 whip.
You hit the orc.
The orc is poisoned.
The orc is severely wounded.
You feel stable enough to blink again.
The hound bites the iguana.
The hound bites itself but does no damage.
The orc barely misses you.
An orc comes into view. It is wielding a +0 dagger.
The wight barely misses you.
Unknown command.
Casting: Blink (safe; 9% risk of failure)
Confirm with . or Enter, or press ? or * to list all spells.
You miscast Blink.
Nothing appears to happen.
You kill the orc!
The wight hits you with a +0 morningstar!
You feel drained. The gnoll hits you but does no damage.
Unknown command.
Casting: Blink (safe; 9% risk of failure)
Confirm with . or Enter, or press ? or * to list all spells.
You blink.
A steam dragon, 2 wights, a black bear, a gnoll, a scorpion, 2 orcs and a white imp come into view.
The gnoll is wielding a +0 flail and carrying a wand of flame (20).
The white imp shouts, "Get thee hence, thou twisted weevil-witted gnoll-tail!"
The gnoll zaps a wand.
The puff of flame hits you but does no damage.
The orc hits you with a +0 dagger.
* * * LOW HITPOINT WARNING * * *
The wight hits you from afar with a +1 halberd of freezing!
* * * LOW HITPOINT WARNING * * *
You feel drained.
* * * LOW HITPOINT WARNING * * *
The wight freezes you.
You die...

#.........
#........
........
.......
#.#....## .. .
#.#.s...#...P^
.. #...#D..≈.
..#.@go..≈P.
.#o#Do.####
.5zc...#
..h#o####..
...z.#g#
#..... .z..
#o###.# ## ..#
#§g##.. ..
##z##.# #l##.#


You could see 2 steam dragons, a black bear, a gnoll sergeant, a scorpion, 3
wights, an orc wizard, a gnoll, a white imp and 4 orcs.

Vanquished Creatures
  An ice beast (D:5)
  A black bear (D:4)
  2 centaurs (D:5)
  A sky beast (D:5)
  An ogre (D:5)
  Blork the orc (D:5)
  A necrophage (D:4)
  A scorpion (D:4)
  A wight (D:6)
  An orc priest (D:5)
  A jelly (D:5)
  A gnoll shaman (D:6)
  4 hounds (D:4)
  4 iguanas
  4 orc wizards
  Terence (D:3)
  3 gnolls (D:6)
  5 adders
  4 dart slugs
  10 orcs
  6 endoplasms
  3 giant cockroaches
  6 goblins
  4 hobgoblins
  3 jackals (D:3)
  5 kobolds
  10 ball pythons
  2 bats
  4 frilled lizards
  3 rats
94 creatures vanquished.

Vanquished Creatures (others)
  4 plants (D:5)
4 creatures vanquished.

Grand Total: 98 creatures vanquished

Notes
Turn   | Place    | Note
-------+----------+-------------------------------------------
     0 | D:1      | pokeman the Deep Elf Hedge Wizard began the quest for the
                  | Orb.
     0 | D:1      | Reached XP level 1. HP: 10/10 MP: 7/7
   283 | D:1      | Reached XP level 2. HP: 15/15 MP: 6/9
   587 | D:1      | Found a faded altar of an unknown god.
   752 | D:1      | Reached skill level 5 in Spellcasting
  1038 | D:2      | Reached XP level 3. HP: 20/20 MP: 5/11
  1042 | D:2      | Learned a level 3 spell: Mephitic Cloud
  1045 | D:2      | Learned a level 2 spell: Call Imp
  1048 | D:2      | Learned a level 2 spell: Blink
  1052 | D:2      | Learned a level 3 spell: Conjure Flame
  1088 | D:2      | Found an ancient bone altar of Kikubaaqudgha.
  1844 | D:3      | Reached skill level 1 in Armour
  1940 | D:3      | Reached skill level 1 in Fighting
  2046 | D:3      | Noticed Terence
  2058 | D:3      | Killed Terence
  2059 | D:3      | Reached XP level 4. HP: 9/25 MP: 8/13
  2595 | D:4      | Noticed a black bear
  2611 | D:4      | Killed a black bear
  2612 | D:4      | Reached skill level 1 in Shields
  2612 | D:4      | Reached skill level 6 in Spellcasting
  2612 | D:4      | Reached XP level 5. HP: 29/29 MP: 3/15
  2827 | D:4      | Reached skill level 1 in Fire Magic
  2827 | D:4      | Reached XP level 6. HP: 34/34 MP: 2/17
  2963 | D:4      | Found Wadeg's Magic Scroll Shop.
  2988 | D:4      | Reached skill level 7 in Spellcasting
  3022 | D:4      | Bought a scroll of magic mapping for 42 gold pieces
  3022 | D:4      | Bought a scroll of identify for 24 gold pieces
  3022 | D:4      | Bought a scroll of identify for 24 gold pieces
  3193 | D:4      | Identified the +6 scale mail "Yqanyon" {rElec Str+4 Int-2}
  3716 | D:4      | Reached skill level 1 in Air Magic
  4276 | D:5      | Entered Level 5 of the Dungeon
  4286 | D:5      | Found a sacrificial altar of Ru.
  4302 | D:5      | Found Yhigabrepn's Antique Weapon Shop.
  4315 | D:5      | Reached skill level 1 in Poison Magic
  4315 | D:5      | Reached XP level 7. HP: 37/38 MP: 17/20
  4401 | D:5      | Found Fakkong's Jewellery Shoppe.
  4525 | D:5      | Reached skill level 8 in Spellcasting
  4525 | D:5      | Reached skill level 1 in Earth Magic
  4525 | D:5      | Reached skill level 1 in Evocations
  4954 | D:5      | Noticed Blork the orc
  4975 | D:5      | Killed Blork the orc
  4979 | D:5      | Reached skill level 9 in Spellcasting
  4979 | D:5      | Reached XP level 8. HP: 35/44 MP: 2/23
  5138 | D:5      | Found a stormy altar of Qazlal.
  5170 | D:5      | Found Katoept's Book Shop.
  5802 | D:6      | HP: 2/42 [wight/+1 halberd of freezing (10)]
  5802 | D:6      | Slain by a wight

Illustrated notes

Levels and vault maps discovered:
D:1:      erik_arrival_blinker_ship, layout_basic,
          nicolae_ecumenical_snake_handling
D:2:      layout_rooms, basic_altar, lemuel_another_geyser
D:3:      layout_rooms, serial_park_tiny_1, chequers_serial_rivers_micro_a,
          minmay_box_of_dots, uniq_terence
D:4:      layout_layer_cave, serial_shops, shop
D:5:      layout_basic, mainiacjoe_overflow_catwalk,
          nicolae_qazlal_general_emergency, serial_shops, nicolae_diamond_shop,
          nicolae_shop_behind_doors, nicolae_shop_overgrown_old_shop,
          amethyst_killhole, uniq_blork_the_orc
D:6:      kennysheep_steamy, layout_rooms, kiku_gazebo_garden_becter,
          mainiacjoe_overflow_cross_hatched, minmay_temple_entry_hall

Skill      XL: |  1  2  3  4  5  6  7  8 |
---------------+-------------------------+-----
Spellcasting   | 5 6 7 9 |  9.5
Armour         | 1 |  1.3
Conjurations   | 2 3 4 |  4.9
Fighting       | 1 2 |  2.0
Dodging        | 3 |  3.3
Shields        | 1 |  1.2
Fire Magic     | 1 2 3 |  3.0
Stealth        | 3 |  3.1
Air Magic      | 1 |  1.4
Poison Magic   | 1 |  1.3
Earth Magic    | 1 |  1.0
Evocations     | 1 |  1.0
Summonings     | |  1.1
Translocations | |  1.1

Action                   |  1- 3 |  4- 6 |  7- 9 || total
-------------------------+-------+-------+-------++-------
Melee: Dagger            |     4 |    27 |    51 ||    82
 Cast: Magic Dart        |   102 |    77 |    17 ||   196
       Mephitic Cloud    |     1 |     4 |    16 ||    21
       Conjure Flame     |       |     2 |     5 ||     7
       Blink             |       |       |     2 ||     2
  Use: Scroll            |       |       |     5 ||     5
 Stab: Confused          |     1 |     4 |     3 ||     8
Armor: Robe              |     3 |       |       ||     3
       Leather armour    |     2 |    11 |    16 ||    29
Dodge: Dodged            |     4 |    36 |    29 ||    69

Table legend: (Time is in decaauts)
 A = Elapsed time spent in this place.
 B = Non-inter-level travel time spent in this place.
 C = Inter-level travel time spent in this place.
 D = Time resting spent in this place.
 E = Time spent auto-exploring this place.
 F = Levels seen in this place.
 G = Mean time per level.
                   A        B        C        D        E       F      G
               +--------+--------+--------+--------+--------+-----+--------+
         Total |   5800 |   5707 |     93 |    204 |   4753 |   6 |  966.7 |
       Dungeon |   5800 |   5707 |     93 |    204 |   4753 |   6 |  966.7 |
               +--------+--------+--------+--------+--------+-----+--------+

Top non-repeatable levels by time:
     D:4: 1741 daAuts
     D:5: 1436 daAuts
     D:1: 1025 daAuts
     D:3: 809 daAuts
     D:2: 700 daAuts
     D:6: 87 daAuts
